 Dungeon Crawl Stone Soup version 0.21-a0-522-ga8338f0 (webtiles) character file.

223 Gerstahl the Bolt Thrower (level 5, -4/43 HPs)
             Began as a Demonspawn Hunter on Dec 6, 2017.
             Slain by a human skeleton (7 damage)
             ... on level 3 of the Dungeon.
             The game lasted 00:06:19 (1602 turns).

Gerstahl the Bolt Thrower (Demonspawn Hunter)       Turns: 1602, Time: 00:06:19

Health: -4/43      AC:  6    Str: 14    XL:     5   Next: 66%
Magic:  5/5        EV: 12    Int: 12    God:
Gold:   103        SH:  0    Dex: 13    Spells: 4/4 levels left

rFire    . . .     SeeInvis .   a - +1 hand crossbow
rCold    . . .     Gourm    .   (no shield)
rNeg     . . .     Faith    .   c - +0 leather armour
rPois    .         Spirit   .   (no helmet)
rElec    .         Reflect  .   q - +0 cloak
rCorr    .         Harm     .   (no gloves)
MR       .....                  (no boots)
Stlth    +.........             (no amulet)
HPRegen  1.14/turn              (no ring)
MPRegen  0.09/turn              (no ring)

@: no status effects
A: iridescent scales 1, powered by death 1, rot immunity
a: no special abilities


You were on level 3 of the Dungeon.
You were not hungry.

You visited 1 branch of the dungeon, and saw 3 of its levels.

You collected 103 gold pieces.

Inventory:

Hand Weapons
 a - a +1 hand crossbow (weapon)
 b - a +0 short sword
Missiles
 d - 6 bolts (quivered)
Armour
 c - a +0 leather armour (worn)
 q - a +0 cloak (worn)
Jewellery
 o - an uncursed ring of protection from magic {unknown}
 p - a cursed ring of teleportation {unknown}
Scrolls
 e - a scroll of enchant weapon {unknown}
 g - a scroll of random uselessness {unknown}
 j - a scroll of fear {unknown}
 m - 3 scrolls of identify {unknown}
 n - a scroll of immolation {unknown}
 r - a scroll of magic mapping {unknown}
Potions
 h - 2 potions of curing {unknown}
 k - a potion of flight {unknown}
Comestibles
 f - 3 bread rations
 i - 2 royal jellies
 l - a meat ration


   Skills:
 + Level 4.4 Fighting
 + Level 5.1 Crossbows
 - Level 1.7 Dodging
 - Level 0.8 Stealth


You had 4 spell levels left.
You didn't know any spells.

Dungeon Overview and Level Annotations

Branches:
Dungeon (3/15)

Altars:
Fedhas

Annotations:
D:3 Typee's ghost, amateur GnWr


Innate Abilities, Weirdness & Mutations

You are partially covered in iridescent scales. (AC +2)
You regenerate a little health from kills.
You are immune to rotting.


Message History

The gnoll barely misses you.
Firing (i - inventory):
d - 8 bolts (quivered)
Press: ? - help, Shift-Dir - straight line, f/p - kobold
Aim: a kobold, wielding a short sword You shoot a bolt.
The bolt hits the ooze but does no damage.
The ooze is severely wounded.
The ooze misses you. The human skeleton barely misses you.
The gnoll hits you from afar with a spear.
* * * LOW HITPOINT WARNING * * *
Firing (i - inventory):
d - 7 bolts (quivered)
Press: ? - help, Shift-Dir - straight line, f/p - kobold
Aim: a kobold, wielding a short sword You shoot a bolt.
The bolt hits the ooze.
You kill the ooze!
The kobold throws a stone.
The stone hits you but does no damage.
The gnoll hits you from afar with a spear.
* * * LOW HITPOINT WARNING * * *
The human skeleton hits you!
You die...

###+#### #....>..
#.....###
#.....(. #####
#.....###
#.....###K.......
#(Z@(Zg.(#
#####g...# #....#
#....### #......#
#......+ #......#
#......# .......#


You could see 2 gnolls, a kobold, an adder skeleton and a human skeleton.

Vanquished Creatures
  A scorpion (D:2)
  A crimson imp (D:2)
  2 jellies (D:3)
  2 adders (D:2)
  2 oozes
  A worm (D:2)
  A dart slug (D:2)
  2 leopard geckos
  A ball python (D:3)
  6 bats
  2 giant cockroaches
  10 goblins
  6 hobgoblins
  4 frilled lizards
  6 kobolds
  5 rats
52 creatures vanquished.

Notes
Turn   | Place    | Note
-------+----------+-------------------------------------------
     0 | D:1      | Gerstahl the Demonspawn Hunter began the quest for the Orb.
     0 | D:1      | Reached XP level 1. HP: 16/16 MP: 1/1
   167 | D:1      | Gained mutation: You regenerate a little health from kills. [demonic ancestry]
   167 | D:1      | Reached XP level 2. HP: 23/23 MP: 2/2
   530 | D:1      | Reached skill level 4 in Crossbows
   740 | D:2      | Gained mutation: You are immune to rotting. [demonic ancestry]
   740 | D:2      | Reached XP level 3. HP: 28/28 MP: 3/3
   805 | D:2      | Noticed a scorpion
   810 | D:2      | Killed a scorpion
   810 | D:2      | Gained mutation: You are partially covered in iridescent scales. (AC +2) [demonic ancestry]
   810 | D:2      | Reached XP level 4. HP: 35/35 MP: 4/4
   974 | D:2      | Found a blossoming altar of Fedhas.
  1138 | D:2      | Reached XP level 5. HP: 42/42 MP: 5/5
  1302 | D:3      | Reached skill level 5 in Crossbows
  1330 | D:3      | Noticed Typee's ghost (amateur GnWr)
  1602 | D:3      | Slain by a human skeleton

Vault maps used:
D:1:      kennysheep_arrival_forest
D:2:      hangedman_decor_points, fedhas_altar_3
D:3:      first_bread, dk_yredelemnul_ordeal

Skill      XL: |  1  2  3  4  5 |
---------------+----------------+-----
Crossbows      | 4 5 |  5.1
Fighting       | 3 4 |  4.4
Dodging        | |  1.7
Stealth        | |  0.8

Action                   |  1- 3 |  4- 6 || total
-------------------------+-------+-------++-------
Melee: Hand crossbow     |       |    17 ||    17
       Short sword       |       |    12 ||    12
 Fire: Hand crossbow     |    56 |    67 ||   123
  Eat: Chunk             |       |     2 ||     2
Armor: Leather armour    |     2 |    36 ||    38
Dodge: Dodged            |    14 |    56 ||    70

Table legend:
 A = Spawn XP
 B = Non-spawn XP
 C = Spawn XP percentage of total XP
 D = Spawn monster count
 E = Non-spawn monster count
 F = Spawn count percentage of total count
 G = Total turns spent on level
                    A         B        C        D         E        F      G
               +---------+---------+-------+---------+---------+-------+---------
         Total |       0 |     319 |   0.0 |       0 |      52 |   0.0 |  1602
               +---------+---------+-------+---------+---------+-------+---------
           D:1 |       0 |      27 |   0.0 |       0 |      16 |   0.0 |   667
           D:2 |       0 |     181 |   0.0 |       0 |      21 |   0.0 |   609
           D:3 |       0 |     111 |   0.0 |       0 |      15 |   0.0 |   326
               +---------+---------+-------+---------+---------+-------+---------
